TOP OF THE 1ST |
Grim Reapers batting - Pitching for Chicago Tula : RHP Pang Qin
|
Pitching: RHP Pang Qin
|
|
Batting: SHB Javier Vázquez
|
0-0: Called Strike 0-1: Called Strike 0-2: SINGLE (Flyball, 7S)
|
Batting: RHB Tomás Costello
|
0-0: Fielders Choice at 2nd, 6-4 (Groundball, 6)
|
Batting: RHB Carlos Evangelho
|
0-0: Fly out, F8 (Flyball, 8LS)
|
Batting: LHB Dante Aristizabal
|
0-0: Ball 1-0: Ball 2-0: Ball 3-0: Foul Ball, location: 2F 3-1: Base on Balls Tomás Costello to second
|
Batting: RHB Colt Cabana
|
0-0: Fly out, F4 (Popup, 4S)
|
Top of the 1st over - 0 run(s), 1 hit(s), 0 error(s), 2 left on base; Grim 0 - Chicago 0 |
BOTTOM OF THE 1ST |
Chicago Tula batting - Pitching for Grim Reapers : RHP Quinton Richards
|
Pitching: RHP Quinton Richards
|
|
Batting: RHB Micheal Lovell
|
0-0: Called Strike 0-1: Fly out, F4 (Popup, 4)
|
Batting: RHB José Palácios
|
0-0: Ball 1-0: Foul Ball, location: 2F 1-1: Ball 2-1: SINGLE (Groundball, 25) (infield hit)
|
Batting: RHB Zahid Kashani
|
0-0: Ball 1-0: Swinging Strike 1-1: Ball 2-1: Fielders Choice at 2nd, 5-4 (Groundball, 5)
|
Batting: SHB Eustacio Tafalla
|
0-0: Ball 1-0: Called Strike 1-1: Ball 2-1: Called Strike Zahid Kashani steals 2nd base 2-2: Foul Ball, location: 2F 2-2: Fly out, F4 (Line Drive, 4M)
|
Bottom of the 1st over - 0 run(s), 1 hit(s), 0 error(s), 1 left on base; Grim 0 - Chicago 0 |
TOP OF THE 2ND |
Grim Reapers batting - Pitching for Chicago Tula : RHP Pang Qin
|
Batting: SHB Cash Masters
|
0-0: Called Strike 0-1: Swinging Strike 0-2: Fly out, F7 (Flyball, 7LMF)
|
Batting: LHB Bayanai Gonzalez
|
0-0: Swinging Strike 0-1: Ground out 1-3 (Groundball, 13S)
|
Batting: RHB Mason Congdon
|
0-0: Called Strike 0-1: Swinging Strike 0-2: Ball 1-2: Strikes out looking
|
Top of the 2nd over - 0 run(s), 0 hit(s), 0 error(s), 0 left on base; Grim 0 - Chicago 0 |
BOTTOM OF THE 2ND |
Chicago Tula batting - Pitching for Grim Reapers : RHP Quinton Richards
|
Batting: RHB Tommy Socorro
|
0-0: Called Strike 0-1: Swinging Strike 0-2: Foul Ball, location: 2F 0-2: Ball 1-2: Strikes out swinging
|
Batting: SHB John Krog
|
0-0: SINGLE (Groundball, 34D)
|
Batting: RHB Rubén Dubón
|
0-0: SINGLE (Line Drive, 8LS) John Krog to second
|
Batting: RHB Rubén Arce
|
0-0: Foul Ball, location: 2F 0-1: Ball 1-1: Ball 2-1: Swinging Strike 2-2: Hit by Pitch John Krog to third Rubén Dubón to second
|
Batting: RHB Rand McNally
|
0-0: Swinging Strike 0-1: Ball 1-1: Foul Ball, location: 2F 1-2: Ball 2-2: Ball 3-2: Foul Ball, location: 2F 3-2: Strikes out looking
|
Batting: RHB Micheal Lovell
|
0-0: Ball 1-0: Called Strike 1-1: Ball 2-1: Ball 3-1: Foul Ball, location: 2F 3-2: Strikes out looking
|
Bottom of the 2nd over - 0 run(s), 2 hit(s), 0 error(s), 3 left on base; Grim 0 - Chicago 0 |
TOP OF THE 3RD |
Grim Reapers batting - Pitching for Chicago Tula : RHP Pang Qin
|
Batting: RHB Tomás Duarte
|
0-0: Called Strike 0-1: Swinging Strike 0-2: Ball 1-2: Ball 2-2: Foul Ball, location: 2F 2-2: Foul Ball, location: 2F 2-2: Ball 3-2: Base on Balls
|
Batting: SHB Javier Vázquez
|
0-0: Ball 1-0: Foul Ball, location: 2F 1-1: Called Strike 1-2: Foul Ball, location: 2F 1-2: Ball 2-2: Ball 3-2: Strikes out swinging
|
Batting: RHB Tomás Costello
|
0-0: Ball 1-0: Ball 2-0: Ball 3-0: Base on Balls Tomás Duarte to second
|
Batting: RHB Carlos Evangelho
|
0-0: Ball 1-0: Foul Ball, location: 2F 1-1: Ball 2-1: DOUBLE (Line Drive, 9) Tomás Duarte scores Tomás Costello to third
|
Batting: LHB Dante Aristizabal
|
0-0: Called Strike 0-1: Ball 1-1: Foul Ball, location: 2F 1-2: Strikes out swinging
|
Batting: RHB Colt Cabana
|
0-0: Ground out 4-3 (Groundball, 34)
|
Top of the 3rd over - 1 run(s), 1 hit(s), 0 error(s), 2 left on base; Grim 1 - Chicago 0 |
BOTTOM OF THE 3RD |
Chicago Tula batting - Pitching for Grim Reapers : RHP Quinton Richards
|
Batting: RHB José Palácios
|
0-0: Called Strike 0-1: Foul Ball, location: 2F 0-2: Ball 1-2: Strikes out swinging
|
Batting: RHB Zahid Kashani
|
0-0: Ball 1-0: Foul Ball, location: 2F 1-1: Foul Ball, location: 2F 1-2: Ground out 6-3 (Groundball, 6)
|
Batting: SHB Eustacio Tafalla
|
0-0: Ball 1-0: Ball 2-0: Fly out, F7 (Flyball, 7LS)
|
Bottom of the 3rd over - 0 run(s), 0 hit(s), 0 error(s), 0 left on base; Grim 1 - Chicago 0 |
TOP OF THE 4TH |
Grim Reapers batting - Pitching for Chicago Tula : RHP Pang Qin
|
Batting: SHB Cash Masters
|
0-0: Called Strike 0-1: Foul Ball, location: 2F 0-2: Ball 1-2: Foul Ball, location: 2F 1-2: SINGLE (Line Drive, 56D)
|
Batting: LHB Bayanai Gonzalez
|
0-0: Ball 1-0: Called Strike 1-1: Foul Ball, location: 2F 1-2: Foul Ball, location: 2F 1-2: Ball Wild Pitch! Cash Masters to second 2-2: Foul Ball, location: 2F 2-2: Strikes out swinging
|
Batting: RHB Mason Congdon
|
0-0: Foul Ball, location: 2F 0-1: Foul Ball, location: 2F 0-2: Strikes out swinging
|
Batting: RHB Tomás Duarte
|
0-0: Called Strike 0-1: SINGLE (Flyball, 8LS) Cash Masters to third Runner from 3rd tries for Home, SAFE, no throw
|
Batting: SHB Javier Vázquez
|
0-0: Ball 1-0: Called Strike 1-1: Fly out, F3 (Line Drive, 3L)
|
Top of the 4th over - 1 run(s), 2 hit(s), 0 error(s), 1 left on base; Grim 2 - Chicago 0 |
BOTTOM OF THE 4TH |
Chicago Tula batting - Pitching for Grim Reapers : RHP Quinton Richards
|
Batting: RHB Tommy Socorro
|
0-0: Ball 1-0: Called Strike 1-1: SINGLE (Groundball, 6MD)
|
Batting: SHB John Krog
|
0-0: Ball 1-0: Called Strike 1-1: Foul Ball, location: 2F 1-2: Fly out, F8 (Line Drive, 8LM)
|
Batting: RHB Rubén Dubón
|
0-0: Ball 1-0: Called Strike 1-1: Foul Ball, location: 2F 1-2: Strikes out swinging
|
Batting: RHB Rubén Arce
|
0-0: Ball 1-0: Called Strike 1-1: Fielders Choice at 2nd, U6 (Groundball, 6M)
|
Bottom of the 4th over - 0 run(s), 1 hit(s), 0 error(s), 1 left on base; Grim 2 - Chicago 0 |
TOP OF THE 5TH |
Grim Reapers batting - Pitching for Chicago Tula : RHP Pang Qin
|
Batting: RHB Tomás Costello
|
0-0: Ball 1-0: Swinging Strike 1-1: Ball 2-1: Ball 3-1: Base on Balls
|
Batting: RHB Carlos Evangelho
|
0-0: Ball 1-0: DOUBLE (Line Drive, 78D) Tomás Costello to third Runner from 3rd tries for Home, SAFE, throw made home
|
Batting: LHB Dante Aristizabal
|
0-0: Ball 1-0: Foul Ball, location: 2F 1-1: Swinging Strike 1-2: Foul Ball, location: 2F 1-2: Strikes out swinging
|
Batting: RHB Colt Cabana
|
0-0: Foul Ball, location: 2F 0-1: Foul Ball, location: 2F 0-2: Ball 1-2: Ground out 6-3 (Groundball, 6S) Carlos Evangelho to third
|
Batting: SHB Cash Masters
|
0-0: Foul Ball, location: 2F 0-1: Hit by Pitch
|
Batting: LHB Bayanai Gonzalez
|
0-0: Called Strike 0-1: Ball 1-1: Ball 2-1: DOUBLE (Flyball, 9LD) Carlos Evangelho scores Cash Masters to third Runner from 3rd tries for Home, SAFE, no throw
|
Batting: RHB Mason Congdon
|
0-0: Ball 1-0: Ground out 1-3 (Groundball, 15S)
|
Top of the 5th over - 3 run(s), 2 hit(s), 0 error(s), 1 left on base; Grim 5 - Chicago 0 |
BOTTOM OF THE 5TH |
Chicago Tula batting - Pitching for Grim Reapers : RHP Quinton Richards
|
Batting: RHB Rand McNally
|
0-0: Ball 1-0: Called Strike 1-1: SINGLE (Groundball, 56D)
|
Batting: RHB Micheal Lovell
|
0-0: Ball 1-0: Foul Ball, location: 2F 1-1: Called Strike 1-2: Ball 2-2: Ball 3-2: Strikes out looking
|
Batting: RHB José Palácios
|
0-0: Ball 1-0: SINGLE (Groundball, 6D) Rand McNally to second
|
Batting: RHB Zahid Kashani
|
0-0: Ball 1-0: Ball 2-0: Grounds into double play, 6-4-3 (Groundball, 6)
|
Bottom of the 5th over - 0 run(s), 2 hit(s), 0 error(s), 1 left on base; Grim 5 - Chicago 0 |
TOP OF THE 6TH |
Grim Reapers batting - Pitching for Chicago Tula : RHP Pang Qin
|
Pitching: LHP Blake Connolly
|
|
Batting: RHB Tomás Duarte
|
0-0: Called Strike 0-1: Ball 1-1: Foul Ball, location: 2F 1-2: Strikes out swinging
|
Batting: SHB Javier Vázquez
|
0-0: Ball 1-0: Ball 2-0: Ball 3-0: Base on Balls
|
Batting: RHB Tomás Costello
|
0-0: Ball 1-0: Ball Javier Vázquez steals 2nd base 2-0: Foul Ball, location: 2F 2-1: Fly out, F5 (Line Drive, 5)
|
Batting: RHB Carlos Evangelho
|
0-0: Fly out, F9 (Flyball, 9)
|
Top of the 6th over - 0 run(s), 0 hit(s), 0 error(s), 1 left on base; Grim 5 - Chicago 0 |
BOTTOM OF THE 6TH |
Chicago Tula batting - Pitching for Grim Reapers : RHP Quinton Richards
|
Batting: SHB Eustacio Tafalla
|
0-0: Called Strike 0-1: Swinging Strike 0-2: Strikes out swinging
|
Batting: RHB Tommy Socorro
|
0-0: Foul Ball, location: 2F 0-1: Ground out 6-3 (Groundball, 6D)
|
Batting: SHB John Krog
|
0-0: Foul Ball, location: 2F 0-1: Ground out 3-1 (Groundball, 34)
|
Bottom of the 6th over - 0 run(s), 0 hit(s), 0 error(s), 0 left on base; Grim 5 - Chicago 0 |
TOP OF THE 7TH |
Grim Reapers batting - Pitching for Chicago Tula : LHP Blake Connolly
|
Batting: LHB Dante Aristizabal
|
0-0: Ball 1-0: Called Strike 1-1: SINGLE (Line Drive, 4D)
|
Batting: RHB Colt Cabana
|
0-0: Called Strike 0-1: Swinging Strike 0-2: Strikes out swinging
|
Batting: SHB Cash Masters
|
0-0: 2-RUN HOME RUN (Flyball, 78XD), Distance : 404 ft
|
Batting: LHB Bayanai Gonzalez
|
0-0: Called Strike 0-1: Foul Ball, location: 2F 0-2: Ball 1-2: Ground out 1-3 (Groundball, 15S)
|
Batting: RHB Mason Congdon
|
0-0: Called Strike 0-1: Ball 1-1: Ball 2-1: Swinging Strike 2-2: Foul Ball, location: 2F 2-2: Strikes out swinging
|
Top of the 7th over - 2 run(s), 2 hit(s), 0 error(s), 0 left on base; Grim 7 - Chicago 0 |
BOTTOM OF THE 7TH |
Chicago Tula batting - Pitching for Grim Reapers : RHP Quinton Richards
|
Batting: RHB Rubén Dubón
|
0-0: SINGLE (Line Drive, 78S)
|
Batting: RHB Rubén Arce
|
0-0: SINGLE (Groundball, 6S) (infield hit) Rubén Dubón to second
|
Batting: RHB Rand McNally
|
0-0: Called Strike 0-1: Fielders Choice at 2nd, 3-6 (Groundball, 34) Rubén Dubón to third
|
Batting: RHB Micheal Lovell
|
0-0: Ball 1-0: Fly out, F2 (Popup, 23)
|
Batting: RHB José Palácios
|
0-0: Fielders Choice at 2nd, 6-4 (Groundball, 56)
|
Bottom of the 7th over - 0 run(s), 2 hit(s), 0 error(s), 1 left on base; Grim 7 - Chicago 0 |
TOP OF THE 8TH |
Grim Reapers batting - Pitching for Chicago Tula : LHP Blake Connolly
|
Batting: RHB Tomás Duarte
|
0-0: Ball 1-0: SINGLE (Groundball, 56S) (infield hit)
|
Batting: SHB Javier Vázquez
|
0-0: Ball 1-0: Swinging Strike 1-1: Fielders Choice at 2nd, 4-6 (Groundball, 4)
|
Batting: RHB Tomás Costello
|
0-0: Fly out, F9 (Flyball, 9LSF)
|
Batting: RHB Carlos Evangelho
|
0-0: SINGLE (Flyball, 6MD) Javier Vázquez to second Javier Vázquez to third
|
Batting: LHB Dante Aristizabal
|
0-0: Called Strike 0-1: Ball 1-1: Ball 2-1: Foul Ball, location: 2F 2-2: Strikes out looking
|
Top of the 8th over - 0 run(s), 2 hit(s), 0 error(s), 2 left on base; Grim 7 - Chicago 0 |
BOTTOM OF THE 8TH |
Chicago Tula batting - Pitching for Grim Reapers : RHP Quinton Richards
|
Now in CF: Earnest Vater
|
|
Batting: RHB Zahid Kashani
|
0-0: Foul Ball, location: 2F 0-1: Ball 1-1: Ball 2-1: Ball 3-1: Foul Ball, location: 2F 3-2: SINGLE (Line Drive, 6D)
|
Batting: SHB Eustacio Tafalla
|
0-0: Foul Ball, location: 2F 0-1: Ball 1-1: Ball 2-1: Grounds into double play, 4-6-3 (Groundball, 4M)
|
Batting: RHB Tommy Socorro
|
0-0: Ball 1-0: Ball 2-0: Ball 3-0: Base on Balls
|
Pitching: LHP Ricardo Ruíz
|
|
Batting: SHB John Krog
|
0-0: Foul Ball, location: 2F 0-1: Swinging Strike 0-2: Strikes out swinging
|
Bottom of the 8th over - 0 run(s), 1 hit(s), 0 error(s), 1 left on base; Grim 7 - Chicago 0 |
TOP OF THE 9TH |
Grim Reapers batting - Pitching for Chicago Tula : LHP Blake Connolly
|
Batting: RHB Colt Cabana
|
0-0: Called Strike 0-1: Ball 1-1: Called Strike 1-2: Strikes out looking
|
Batting: SHB Cash Masters
|
0-0: Swinging Strike 0-1: Called Strike 0-2: Ball 1-2: Ball 2-2: Strikes out swinging
|
Batting: LHB Bayanai Gonzalez
|
0-0: Foul Ball, location: 2F 0-1: Called Strike 0-2: Ball 1-2: Strikes out swinging
|
Top of the 9th over - 0 run(s), 0 hit(s), 0 error(s), 0 left on base; Grim 7 - Chicago 0 |
BOTTOM OF THE 9TH |
Chicago Tula batting - Pitching for Grim Reapers : LHP Ricardo Ruíz
|
Batting: RHB Rubén Dubón
|
0-0: Ball 1-0: Ball 2-0: Called Strike 2-1: Foul Ball, location: 2F 2-2: Fly out, F8 (Flyball, 8RD)
|
Batting: RHB Rubén Arce
|
0-0: Ball 1-0: Swinging Strike 1-1: Swinging Strike 1-2: Foul Ball, location: 2F 1-2: Strikes out looking
|
Batting: RHB Rand McNally
|
0-0: Ball 1-0: Swinging Strike 1-1: Foul Ball, location: 2F 1-2: Ball 2-2: Foul Ball, location: 2F 2-2: Foul Ball, location: 2F 2-2: Foul Ball, location: 2F 2-2: SINGLE (Groundball, 6D)
|
Batting: RHB Micheal Lovell
|
0-0: Swinging Strike 0-1: Foul Ball, location: 2F 0-2: Ball 1-2: Ball 2-2: Strikes out looking
|
Bottom of the 9th over - 0 run(s), 1 hit(s), 0 error(s), 1 left on base; Grim 7 - Chicago 0 |
|